 Dungeon Crawl Stone Soup version 0.24.0-37-gcf1ca852f1 (webtiles) character file.

Game seed: 12293813143762268655, levelgen mode: deterministic

74 Iamsoldier the Charmwright (level 4, 0/38 HPs)
             Began as a Gnoll Skald on Nov 27, 2019.
             Killed by divine providence
             ... invoked by an orc priest
              (12 damage)
             ... on level 3 of the Dungeon.
             The game lasted 00:04:33 (1838 turns).

Iamsoldier the Charmwright (Gnoll Skald)            Turns: 1838, Time: 00:04:34

Health: 0/38       AC:  4    Str: 13    XL:     4   Next: 30%
Magic:  6/11       EV: 14    Int: 17    God:
Gold:   70         SH:  0    Dex: 14    Spells: 4/13 levels left

rFire    . . .     SeeInvis .   a - +0 spear
rCold    . . .     Gourm    .   (no shield)
rNeg     . . .     Faith    .   b - +0 leather armour
rPois    .         Spirit   .   (no helmet)
rElec    .         Reflect  .   c - +0 cloak
rCorr    .         Harm     .   (no gloves)
MR       .....                  (no boots)
Stlth    +.........             (no amulet)
HPRegen  0.12/turn              (no ring)
MPRegen  0.12/turn              (no ring)

@: no status effects
A: distributed training, fangs 1, strong nose
a: no special abilities


You were on level 3 of the Dungeon.
You were not hungry.

You visited 1 branch of the dungeon, and saw 3 of its levels.

You collected 70 gold pieces.

Inventory:

Hand Weapons
 a - a +0 spear (weapon)
Armour
 b - a +0 leather armour (worn)
 c - a +0 cloak (worn)
Scrolls
 g - a scroll of enchant armour {unknown}
 h - a scroll of fog {unknown}
 i - 2 scrolls of remove curse {unknown}
 j - a scroll of enchant weapon {unknown}
 k - a scroll of immolation {unknown}
 l - a scroll of teleportation {unknown}
 n - a scroll of amnesia {unknown}
 p - 3 scrolls of identify {unknown}
Potions
 e - a potion of ambrosia {unknown}
 f - 3 potions of curing {unknown}
 m - a potion of resistance {unknown}
 q - a potion of heal wounds {unknown}
 r - a potion of brilliance {unknown}
Comestibles
 d - 3 rations
 o - 7 chunks of flesh


   Skills:
 + Level 4.6 Fighting
 + Level 1.0 Short Blades
 + Level 1.0 Long Blades
 + Level 1.0 Axes
 + Level 1.0 Maces & Flails
 + Level 4.6 Polearms
 + Level 1.0 Staves
 + Level 1.0 Slings
 + Level 1.0 Bows
 + Level 1.0 Crossbows
 + Level 1.0 Throwing
 + Level 2.7 Armour
 + Level 4.6 Dodging
 + Level 1.0 Stealth
 + Level 1.0 Shields
 + Level 1.0 Unarmed Combat
 + Level 5.0 Spellcasting
 + Level 0.8 Conjurations
 + Level 0.8 Hexes
 + Level 5.4 Charms
 + Level 0.8 Summonings
 + Level 0.8 Necromancy
 + Level 0.8 Translocations
 + Level 0.8 Transmutations
 + Level 0.8 Fire Magic
 + Level 0.8 Ice Magic
 + Level 0.8 Air Magic
 + Level 0.8 Earth Magic
 + Level 0.8 Poison Magic
 + Level 1.1 Invocations
 + Level 1.0 Evocations


You had 4 spell levels left.
You knew the following spells:

 Your Spells              Type           Power        Failure   Level  Hunger
a - Infusion              Chrm           ###.         1%          1    None
b - Shroud of Golubria    Chrm/Tloc      ###...       8%          2    #......
c - Spectral Weapon       Hex/Chrm       ###.....     16%         3    ###....
d - Regeneration          Chrm/Necr      ###.......   16%         3    ###....

Your spell library contained the following spells:

 Spells                   Type           Power        Failure   Level  Hunger
 Song of Slaying          Chrm           ###.....     3%          2    #......


Dungeon Overview and Level Annotations

Branches:
Dungeon (3/15)

Altars:

Annotations:
D:3 Sigmund


Innate Abilities, Weirdness & Mutations

Your experience applies equally to all skills.
You have very sharp teeth.
Your uncanny sense of smell can sniff out nearby items.


Message History

Casting: Spectral Weapon (safe; 16% risk of failure)
Confirm with . or Enter, or press ? or * to list all spells.
Space distorts slightly along a thin shroud covering your body.
Sigmund flickers, as though insubstantial.
You hit the orc.
You kill the orc!
Sigmund gestures wildly while chanting.
Sigmund flickers and vanishes!
Deactivating autopickup; reactivate with Ctrl-A.
The orc priest hits you with a +0 war axe.
Your shroud falls apart!
You hit the orc priest but do no damage.
You bite the orc priest, but do no damage.
Your spectral weapon hits the orc priest but does no damage.
The orc priest calls down the wrath of Beogh upon you.
Beogh smites you!
* * * LOW HITPOINT WARNING * * *
The orc priest mumbles some strange prayers to Beogh against you.
Beogh smites you!
You die...

##>## ∆ ∆ #...# ∆ #.⌠.# ∆
#...# ##.## #####
#######'####### #...##
##..)##...##...## .....######
#<.⌠(o')⌠.'..⌠.<#
.....##...##
##.@.##÷..##...##
.....#.....##########'#######
....÷...##o##.@.oo......#
.###.#..#8.8#.#########.#
...o.##@...o..# .#
##.######8.8### # #.# ##.##
#(# #.# #o# .(#


You could see an orc priest and a friendly spectral +0 spear.

Vanquished Creatures
  An adder (D:2)
  2 worms
  A leopard gecko (D:2)
  3 orcs (D:3)
  A giant cockroach (D:3)
  8 goblins
  6 hobgoblins (D:1)
  6 jackals
  2 ball pythons
  5 bats
  7 frilled lizards
  6 kobolds
  7 rats
55 creatures vanquished.

Notes
Turn   | Place    | Note
-------+----------+-------------------------------------------
     0 | D:1      | Iamsoldier the Gnoll Skald began the quest for the Orb.
     0 | D:1      | Reached XP level 1. HP: 20/20 MP: 6/6
    48 | D:1      | Reached XP level 2. HP: 26/26 MP: 0/7
    55 | D:1      | Learned a level 2 spell: Shroud of Golubria
   536 | D:1      | Reached XP level 3. HP: 31/31 MP: 9/9
   546 | D:1      | Learned a level 3 spell: Spectral Weapon
   550 | D:1      | Learned a level 3 spell: Regeneration
   829 | D:1      | Reached skill level 5 in Spellcasting
  1222 | D:2      | Reached skill level 1 in Invocations
  1380 | D:2      | Reached skill level 1 in Short Blades
  1380 | D:2      | Reached skill level 1 in Long Blades
  1380 | D:2      | Reached skill level 1 in Axes
  1380 | D:2      | Reached skill level 1 in Maces & Flails
  1380 | D:2      | Reached skill level 1 in Staves
  1380 | D:2      | Reached skill level 1 in Slings
  1380 | D:2      | Reached skill level 1 in Bows
  1380 | D:2      | Reached skill level 1 in Crossbows
  1380 | D:2      | Reached skill level 1 in Throwing
  1380 | D:2      | Reached skill level 1 in Stealth
  1380 | D:2      | Reached skill level 1 in Shields
  1380 | D:2      | Reached skill level 1 in Unarmed Combat
  1380 | D:2      | Reached skill level 1 in Evocations
  1390 | D:2      | Reached XP level 4. HP: 34/38 MP: 8/11
  1796 | D:3      | Noticed Sigmund
  1838 | D:3      | Killed from afar by an orc priest

Levels and vault maps discovered:
D:1:      roderic_crop_circles_arrival_small, layout_basic,
          serial_bayou_lagoon_b
D:2:      layout_loops_ring, grunt_decor_resistance
D:3:      layout_loops_ring, first_ration, small_statue_intersection,
          grunt_ministairs_5, uniq_natasha, uniq_sigmund

Skill      XL: |  1  2  3 |
---------------+----------+-----
Spellcasting   | 5 |  5.0
Invocations    | 1 |  1.1
Short Blades   | 1 |  1.0
Long Blades    | 1 |  1.0
Axes           | 1 |  1.0
Maces & Flails | 1 |  1.0
Staves         | 1 |  1.0
Slings         | 1 |  1.0
Bows           | 1 |  1.0
Crossbows      | 1 |  1.0
Throwing       | 1 |  1.0
Stealth        | 1 |  1.0
Shields        | 1 |  1.0
Unarmed Combat | 1 |  1.0
Evocations     | 1 |  1.0
Fighting       | |  4.6
Polearms       | |  4.6
Armour         | |  2.7
Dodging        | |  4.6
Conjurations   | |  0.8
Hexes          | |  0.8
Charms         | |  5.4
Summonings     | |  0.8
Necromancy     | |  0.8
Translocations | |  0.8
Transmutations | |  0.8
Fire Magic     | |  0.8
Ice Magic      | |  0.8
Air Magic      | |  0.8
Earth Magic    | |  0.8
Poison Magic   | |  0.8

Action                   |  1- 3 |  4- 6 || total
-------------------------+-------+-------++-------
Melee: Spear             |   128 |    39 ||   167
       Bite              |    11 |     3 ||    14
       Punch             |     2 |       ||     2
 Cast: Infusion          |     4 |       ||     4
       Spectral Weapon   |     1 |     2 ||     3
       Shroud of Golubri |       |     1 ||     1
 Stab: Sleeping          |     4 |     1 ||     5
  Eat: Chunk             |     2 |     1 ||     3
Armor: Leather armour    |    16 |     6 ||    22
Dodge: Dodged            |    57 |    23 ||    80
